 Dungeon Crawl Stone Soup version 0.28-a0-1236-gb25a51b929 (webtiles) character file.

Game seed: 952871881798001826

53 Zonian the Gusty (level 3, 0/19 HPs)
             Began as a Tengu Air Elementalist on Dec 25, 2021.
             Was a Follower of Qazlal.
             Slain by a black bear (6 damage)
             ... on level 4 of the Dungeon.
             The game lasted 00:08:36 (4793 turns).

Zonian the Gusty (Tengu Air Elementalist)           Turns: 4793, Time: 00:08:37

Health: 0/19       AC:  2    Str: 10    XL:     3   Next: 87%
Magic:  7/7        EV: 12    Int: 15    God:    Qazlal [*.....]
Gold:   192        SH:  2    Dex: 14    Spells: 0/6 levels left

rFire   . . .      SeeInvis .     - Unarmed
rCold   . . .      Faith    .   (no shield)
rNeg    . . .      Spirit   .   a - +0 robe
rPois   +          Reflect  .   (helmet restricted)
rElec   .          Harm     .   (no cloak)
rCorr   .          Rampage  .   (no gloves)
Will    .....                   (boots unavailable)
Stlth   ++........              (no amulet)
HPRegen 0.06/turn               b - ring of poison resistance
MPRegen 0.10/turn               (no ring)

@: invisible (expiring)
A: beak, talons 3
a: Renounce Religion


You were on level 4 of the Dungeon.
You worshipped Qazlal.
Qazlal was aware of your devotion.
You visited 1 branch of the dungeon, and saw 4 of its levels.

You collected 192 gold pieces.

Inventory:

Missiles
 e - 4 javelins
Armour
 a - a +0 robe (worn)
Jewellery
 b - a ring of poison resistance (left hand)
Potions
 i - a potion of heal wounds {unknown}


   Skills:
 + Level 2.6 Dodging
 + Level 2.5 Stealth
 + Level 1.2 Unarmed Combat
 + Level 2.3 Spellcasting
 + Level 2.2 Conjurations
 + Level 4.4 Air Magic


You couldn't memorise any spells.
You knew the following spells:

 Your Spells              Type           Power      Damage    Failure   Level
a - Shock                 Conj/Air       44%        1d5       5%          1
b - Static Discharge      Conj/Air       11%        N/A       9%          2
c - Swiftness             Air            15%        N/A       11%         3

Your spell library contained the following spells:

 Spells                   Type           Power      Damage    Failure   Level
 Animate Skeleton         Necr           2%         N/A       22%         1
 Apportation              Tloc           2%         N/A       22%         1
 Summon Small Mammal      Summ           4%         N/A       22%         1
 Sublimation of Blood     Necr           1%         N/A       32%         2
 Wereblood                Tmut           1%         N/A       32%         2
 Airstrike                Air            7%         N/A       34%         4
 Summon Hydra             Summ           0%         N/A       100%        7


Dungeon Overview and Level Annotations

Branches:
Dungeon (4/15)
 Temple: D:4-7

Altars:
Qazlal


Innate Abilities, Weirdness & Mutations

You have a beak for a mouth.
You have claws for feet.


Message History

Found a dagger and 2 scrolls of identify.
There is a stone staircase leading up here.
There are monsters nearby!
Unknown command.
The endoplasm hits you.
You climb upwards.
There is a stone staircase leading down here.
Unknown command.
You hit the endoplasm.
The endoplasm is lightly wounded.
You hit the endoplasm.
You claw the endoplasm, but do no damage.
You peck the endoplasm.
The endoplasm is severely wounded.
The endoplasm hits you.
You hit the endoplasm.
You kill the endoplasm!
Qazlal accepts your kill.
You start resting.
HP restored.
You start waiting.
Done waiting.
Unknown command.
There is a stone staircase leading down here.
You climb downwards.
The black bear bites you. The black bear claws you. x2
The worm closely misses you.
There is a stone staircase leading up, spattered with blood here.
Unknown command.
You aren't carrying any scrolls.
Unknown command.
You fade into invisibility!
The black bear barely misses you. The black bear claws you. x2
The worm closely misses you. The black bear barely misses you.
The black bear misses you. The black bear closely misses you.
Found a robe.
The worm closely misses you.
You flicker for a moment.
You see here a +0 robe.
The black bear bites you.
You die...

........#
........####+# ##
.......##...##...
......+.......
#....##...#
######?...##@..##
#..........h§...#
#..<....w..°....#
#.......)..#...##
##..##.....#####
#####.....#
#......# #......#
########


You could see a black bear and a worm.

Vanquished Creatures
  A gnoll (D:1)
  An adder (D:2)
  2 bats
  5 endoplasms (D:3)
  3 giant cockroaches (D:1)
  2 goblins (D:1)
  3 hobgoblins (D:1)
  2 jackals (D:2)
  2 ball pythons
  3 frilled lizards
  6 kobolds
  2 rats
32 creatures vanquished.

Notes
Turn   | Place    | Note
-------+----------+-------------------------------------------
     0 | D:1      | Zonian the Tengu Air Elementalist began the quest for the
                  | Orb.
     0 | D:1      | Reached XP level 1. HP: 10/10 MP: 4/4
   512 | D:1      | Reached XP level 2. HP: 5/15 MP: 3/6
  1166 | D:1      | Reached XP level 3. HP: 12/19 MP: 7/7
  1965 | D:2      | Reached skill level 1 in Unarmed Combat
  2041 | D:2      | Found a faded altar of an unknown god.
  2046 | D:2      | Prayed at the altar of an unknown god.
  2046 | D:2      | Became a worshipper of Qazlal Stormbringer
  2046 | D:2      | Reached * piety under Qazlal
  4439 | D:3      | Learned a level 2 spell: Static Discharge
  4636 | D:3      | Learned a level 3 spell: Swiftness
  4637 | D:4      | Noticed a black bear
  4793 | D:4      | Slain by a black bear

Illustrated notes

Levels and vault maps discovered:
D:1:      minmay_arrival_stone_box, layout_loops_ring
D:2:      layout_loops_ring, hellmonk_ecumenical_altar_leap_of_faith,
          solitary_fountain
D:3:      layout_basic, serial_park_tiny_2
D:4:      layout_gridville, nicolae_overflow_crystal_walls, minitemple,
          serial_shops, nicolae_shop_trees

Skill      XL: |  1  2  3 |
---------------+----------+-----
Conjurations   | 2 |  2.2
Unarmed Combat | 1 |  1.2
Dodging        | |  2.6
Stealth        | |  2.5
Spellcasting   | |  2.3
Air Magic      | |  4.4

Action                   || total
-------------------------++-------
Melee: Unarmed           ||    58
       Kick              ||    16
       Peck              ||    11
 Cast: Shock             ||    43
  Use: Scroll            ||     6
       Potion            ||     1
 Stab: Sleeping          ||     4
Armor: Robe              ||     9
Dodge: Dodged            ||    38

Table legend: (Time is in decaauts)
 A = Elapsed time spent in this place.
 B = Non-inter-level travel time spent in this place.
 C = Inter-level travel time spent in this place.
 D = Time resting spent in this place.
 E = Time spent auto-exploring this place.
 F = Levels seen in this place.
 G = Mean time per level.
                   A        B        C        D        E       F      G
               +--------+--------+--------+--------+--------+-----+--------+
         Total |   4791 |   4730 |     61 |   2141 |   2096 |   4 | 1197.8 |
       Dungeon |   4791 |   4730 |     61 |   2141 |   2096 |   4 | 1197.8 |
               +--------+--------+--------+--------+--------+-----+--------+

Top non-repeatable levels by time:
     D:3: 2415 daAuts
     D:1: 1726 daAuts
     D:2: 637 daAuts
     D:4: 13 daAuts
